General information
- name: BNet
- type: Ladder team game (AT/RT)
- host: Battle.net
- saver: NEW_TROLL_HERE
map: GolemsInTheMist
- players: 8
- length: 27:22
- speed: Fast
- version: 1.26 W3XP
- replay type: Public
» download(137 KB)
Players
team 1 (loser)

»
Gradowski (
green | 67 APM | 903 actions | 13:26)
4 Far Seer
2 Feral Spirit
2 Far Sight
» actions
| Assign group hotkey | 23 | |
| Basic commands | 86 | |
| Build / train | 36 | |
| ESC pressed | 1 | |
| Enter build submenu | 12 | |
| Enter hero's abilities submenu | 4 | |
| Give item / drop item | 3 | |
| Right click | 131 | |
| Select / deselect | 203 | |
| Select group hotkey | 329 | |
| Use ability | 75 | |
903 total
» units
| Peon | 12 | |
| Grunt | 4 | |
| Troll Batrider | 6 | |
| Wind Rider | 1 | |
23 total
» upgrades
» buildings
| Altar of Storms | 1 | |
| Orc Burrow | 5 | |
| Barracks | 1 | |
| Voodoo Lounge | 1 | |
| War Mill | 1 | |
| Stronghold | 1 | |
| Fortress | 1 | |
| Beastiary | 2 | |
| Great Hall | 1 | |
14 total
» build order
00:06 Altar of Storms
00:08 Orc Burrow
00:51 Barracks
01:25 Voodoo Lounge
01:35 Orc Burrow
02:03 War Mill
02:55 Stronghold
03:48 Orc Burrow
05:15 Orc Burrow
05:19 Fortress
06:34 Orc Burrow
06:42 Beastiary
06:44 Beastiary
10:41 Great Hall
» items
| Healing Salve | 2 | |
| Orb of Lightning | 1 | |
3 total
HolyLegion (
orange | 31 APM | 849 actions | 27:18)
3 Paladin
2 Holy Light
1 Devotion Aura
» actions
| Assign group hotkey | 3 | |
| Basic commands | 6 | |
| Build / train | 72 | |
| Enter build submenu | 23 | |
| Enter hero's abilities submenu | 3 | |
| Remove unit from queue | 2 | |
| Right click | 416 | |
| Select / deselect | 233 | |
| Select group hotkey | 10 | |
| Use ability | 81 | |
849 total
» units
| Peasant | 13 | |
| Footman | 6 | |
| Goblin Zeppelin | 1 | |
| Priest | 6 | |
| Sorceress | 6 | |
| Spell Breaker | 3 | |
| Knight | 4 | |
| Mortar Team | 2 | |
41 total
» upgrades
| Lumber Harvesting | 1 | |
| Magic Sentry | 1 | |
| Sorceress Training | 1 | |
| Priest Training | 1 | |
| Plating | 1 | |
| Swords | 1 | |
| Masonry | 1 | |
7 total
» buildings
| Barracks | 1 | |
| Altar of Kings | 1 | |
| Farm | 8 | |
| Keep | 2 | |
| Lumber Mill | 1 | |
| Blacksmith | 1 | |
| Scout Tower | 28 | |
| Guard Tower | 10 | |
| Arcane Sanctum | 2 | |
| Arcane Vault | 1 | |
| Town Hall | 1 | |
| Castle | 1 | |
| Arcane Tower | 3 | |
60 total
» build order
00:08 Barracks
00:30 Altar of Kings
00:44 Farm
00:45 Farm
02:18 Farm
02:19 Farm
03:25 Keep
03:31 Lumber Mill
03:48 Blacksmith
04:02 Scout Tower
05:00 Guard Tower
05:03 Scout Tower
05:05 Scout Tower
06:18 Arcane Sanctum
06:20 Arcane Sanctum
06:34 Guard Tower
06:40 Scout Tower
06:42 Scout Tower
06:45 Scout Tower
07:04 Arcane Vault
07:55 Guard Tower
08:44 Guard Tower
08:47 Guard Tower
10:41 Town Hall
10:45 Scout Tower
10:46 Scout Tower
10:48 Scout Tower
10:49 Scout Tower
10:51 Scout Tower
11:01 Farm
11:02 Farm
11:03 Farm
11:05 Farm
12:25 Guard Tower
13:52 Castle
16:37 Guard Tower
16:40 Scout Tower
16:41 Scout Tower
16:43 Scout Tower
16:44 Scout Tower
16:45 Scout Tower
17:16 Guard Tower
17:37 Guard Tower
18:47 Scout Tower
18:49 Scout Tower
18:52 Scout Tower
18:53 Scout Tower
19:12 Keep
19:22 Guard Tower
20:07 Scout Tower
20:08 Scout Tower
20:09 Scout Tower
20:10 Scout Tower
20:12 Scout Tower
20:15 Scout Tower
20:16 Scout Tower
20:17 Scout Tower
20:42 Arcane Tower
20:46 Arcane Tower
21:09 Arcane Tower
» items
NOVELIS (
red | 33 APM | 534 actions | 16:09)
2 Keeper of the Grove
1 Force of Nature
1 Thorns Aura
1 Priestess of the Moon
1 Searing Arrows
» actions
| Assign group hotkey | 6 | |
| Build / train | 77 | |
| Enter build submenu | 25 | |
| Enter hero's abilities submenu | 3 | |
| Remove unit from queue | 6 | |
| Right click | 147 | |
| Select / deselect | 173 | |
| Select group hotkey | 38 | |
| Use ability | 59 | |
534 total
» units
| Wisp | 37 | |
| Archer | 11 | |
| Hippogryph | 5 | |
| Mortar Team | 10 | |
63 total
» upgrades
| Nature's Blessing | 1 | |
| Improved Bows | 1 | |
2 total
» buildings
| Moon Well | 6 | |
| Hunter's Hall | 1 | |
| Altar of Elders | 1 | |
| Ancient Protector | 7 | |
| Ancient of War | 3 | |
| Tree of Life | 1 | |
| Tree of Ages | 1 | |
| Ancient of Wind | 4 | |
24 total
» build order
00:49 Moon Well
01:04 Hunter's Hall
01:28 Altar of Elders
01:34 Moon Well
02:30 Ancient Protector
02:38 Moon Well
02:51 Ancient of War
04:03 Moon Well
05:11 Tree of Life
05:25 Ancient of War
05:29 Ancient of War
05:47 Moon Well
06:11 Moon Well
06:12 Tree of Ages
07:34 Ancient Protector
09:17 Ancient of Wind
10:42 Ancient of Wind
10:45 Ancient of Wind
11:39 Ancient Protector
11:42 Ancient Protector
11:45 Ancient Protector
11:48 Ancient Protector
11:53 Ancient Protector
12:22 Ancient of Wind
chemandilon (
purple | 20 APM | 275 actions | 13:33)
3 Mountain King
2 Storm Bolt
1 Bash
» actions
| Build / train | 36 | |
| Enter build submenu | 17 | |
| Enter hero's abilities submenu | 3 | |
| Right click | 85 | |
| Select / deselect | 109 | |
| Use ability | 25 | |
275 total
» units
| Peasant | 8 | |
| Footman | 4 | |
| Rifleman | 4 | |
| Siege Engine | 4 | |
20 total
» upgrades
| Gunpowder | 1 | |
| Plating | 1 | |
| Armor | 1 | |
| Barrage | 1 | |
| Lumber Harvesting | 2 | |
6 total
» buildings
| Farm | 8 | |
| Altar of Kings | 1 | |
| Scout Tower | 2 | |
| Barracks | 1 | |
| Arcane Tower | 2 | |
| Arcane Vault | 1 | |
| Blacksmith | 1 | |
| Keep | 1 | |
| Castle | 1 | |
| Workshop | 2 | |
| Lumber Mill | 1 | |
21 total
» build order
00:24 Farm
00:36 Altar of Kings
01:08 Farm
01:20 Scout Tower
01:46 Barracks
01:50 Arcane Tower
01:58 Arcane Vault
02:19 Farm
03:01 Blacksmith
04:34 Keep
05:08 Farm
06:24 Scout Tower
07:18 Castle
07:23 Workshop
07:55 Workshop
08:00 Lumber Mill
08:37 Arcane Tower
08:42 Farm
09:21 Farm
10:31 Farm
11:58 Farm
» items
| Orb of Lightning | 1 | |
| Scroll of Town Portal | 1 | |
2 total
team 2 (winner)
Jade (
pink | 71 APM | 1949 actions | 27:19)
6 Blademaster
3 Wind Walk
2 Critical Strike
1 Bladestorm
» actions
| Assign group hotkey | 30 | |
| Basic commands | 34 | |
| Build / train | 64 | |
| Enter build submenu | 22 | |
| Enter hero's abilities submenu | 6 | |
| Right click | 1159 | |
| Select / deselect | 276 | |
| Select group hotkey | 297 | |
| Use ability | 61 | |
1949 total
» units
| Peon | 11 | |
| Wind Rider | 8 | |
| Raider | 10 | |
| Troll Batrider | 3 | |
32 total
» upgrades
| Ranged Weapons | 3 | |
| Envenomed Spears | 1 | |
| Ensnare | 1 | |
| Melee Weapons | 3 | |
| Armor | 3 | |
| Pillage | 1 | |
| Reinforced Defenses | 1 | |
| Liquid Fire | 1 | |
14 total
» buildings
| Altar of Storms | 1 | |
| Orc Burrow | 7 | |
| Voodoo Lounge | 1 | |
| War Mill | 1 | |
| Stronghold | 1 | |
| Watch Tower | 2 | |
| Beastiary | 4 | |
| Fortress | 1 | |
| Great Hall | 2 | |
20 total
» build order
00:06 Altar of Storms
00:14 Orc Burrow
00:54 Voodoo Lounge
01:19 War Mill
02:34 Stronghold
03:08 Orc Burrow
03:09 Orc Burrow
03:37 Watch Tower
03:38 Watch Tower
03:58 Orc Burrow
05:04 Beastiary
05:19 Beastiary
06:20 Fortress
16:49 Orc Burrow
16:49 Orc Burrow
17:05 Great Hall
20:46 Orc Burrow
22:08 Great Hall
23:22 Beastiary
23:23 Beastiary
» items
| Healing Salve | 3 | |
| Lesser Clarity Potion | 4 | |
| Scroll of Speed | 1 | |
| Orb of Lightning | 1 | |
9 total
pmz_2004 (
blue | 43 APM | 1176 actions | 27:19)
5 Demon Hunter
1 Mana Burn
1 Immolation
3 Evasion
4 Priestess of the Moon
2 Trueshot Aura
2 Searing Arrows
» actions
| Assign group hotkey | 18 | |
| Build / train | 64 | |
| Enter build submenu | 17 | |
| Enter hero's abilities submenu | 9 | |
| Right click | 402 | |
| Select / deselect | 158 | |
| Select group hotkey | 482 | |
| Use ability | 26 | |
1176 total
» units
» upgrades
| Strength of the Wild | 2 | |
| Reinforced Hides | 2 | |
| Ultravision | 1 | |
| Abolish Magic | 1 | |
6 total
» buildings
| Altar of Elders | 1 | |
| Moon Well | 8 | |
| Hunter's Hall | 1 | |
| Tree of Ages | 1 | |
| Ancient Protector | 3 | |
| Ancient of Lore | 3 | |
| Tree of Eternity | 1 | |
18 total
» build order
00:18 Altar of Elders
00:32 Moon Well
01:46 Hunter's Hall
01:54 Moon Well
03:00 Tree of Ages
03:18 Moon Well
03:31 Moon Well
04:16 Ancient Protector
04:26 Ancient Protector
05:38 Ancient of Lore
05:39 Ancient of Lore
05:42 Ancient of Lore
06:01 Moon Well
06:53 Moon Well
10:28 Moon Well
10:48 Ancient Protector
17:47 Moon Well
19:20 Tree of Eternity

»
NEW_TROLL_HERE (
yellow | 45 APM | 1235 actions | 27:22)
5 Lich
3 Frost Nova
2 Dark Ritual
5 Death Knight
3 Death Coil
1 Unholy Aura
1 Death Pact
» actions
| Assign group hotkey | 21 | |
| Basic commands | 40 | |
| Build / train | 71 | |
| Enter build submenu | 18 | |
| Enter hero's abilities submenu | 10 | |
| Right click | 547 | |
| Select / deselect | 242 | |
| Select group hotkey | 216 | |
| Use ability | 70 | |
1235 total
» units
| Acolyte | 7 | |
| Ghoul | 3 | |
| Gargoyle | 4 | |
| Crypt Fiend | 10 | |
| Goblin Shredder | 1 | |
| Goblin Sapper | 16 | |
| Goblin Zeppelin | 1 | |
42 total
» upgrades
| Creature Attack | 3 | |
| Creature Carapace | 3 | |
| Web | 1 | |
| Burrow | 1 | |
| Stone Form | 1 | |
| Ghoul Frenzy | 1 | |
| Cannibalize | 1 | |
| Backpack | 1 | |
12 total
» buildings
| Crypt | 2 | |
| Graveyard | 1 | |
| Altar of Darkness | 1 | |
| Ziggurat | 7 | |
| Halls of the Dead | 1 | |
| Tomb of Relics | 1 | |
| Black Citadel | 1 | |
| Necropolis | 1 | |
15 total
» build order
00:20 Crypt
00:25 Graveyard
00:47 Altar of Darkness
01:38 Ziggurat
01:57 Ziggurat
02:21 Ziggurat
03:08 Halls of the Dead
03:34 Tomb of Relics
03:48 Crypt
08:51 Black Citadel
10:20 Ziggurat
19:49 Ziggurat
23:09 Ziggurat
23:10 Ziggurat
23:12 Necropolis
» items
| Healing Salve | 1 | |
| Lesser Clarity Potion | 1 | |
2 total
YOUTUBE-OhMxA99 (
teal | 29 APM | 797 actions | 27:19)
4 Blademaster
2 Wind Walk
2 Critical Strike
3 Shadow Hunter
2 Healing Wave
1 Hex
» actions
| Build / train | 72 | |
| Enter build submenu | 11 | |
| Enter hero's abilities submenu | 7 | |
| Remove unit from queue | 1 | |
| Right click | 432 | |
| Select / deselect | 175 | |
| Use ability | 99 | |
797 total
» units
| Peon | 10 | |
| Wind Rider | 16 | |
| Spirit Walker | 8 | |
| Tauren | 9 | |
43 total
» upgrades
| Shaman Training | 0 | |
| Spirit Walker Training | 2 | |
| Envenomed Spears | 1 | |
| Pulverize | 2 | |
| Armor | 2 | |
| Melee Weapons | 1 | |
8 total
» buildings
| Orc Burrow | 9 | |
| Altar of Storms | 1 | |
| Voodoo Lounge | 1 | |
| Stronghold | 1 | |
| War Mill | 1 | |
| Beastiary | 1 | |
| Spirit Lodge | 1 | |
| Fortress | 2 | |
| Tauren Totem | 1 | |
18 total
» build order
00:05 Orc Burrow
00:07 Altar of Storms
00:33 Voodoo Lounge
02:13 Stronghold
02:34 War Mill
02:43 Orc Burrow
03:39 Orc Burrow
03:42 Orc Burrow
03:46 Orc Burrow
04:54 Beastiary
05:20 Spirit Lodge
05:58 Fortress
05:59 Fortress
08:54 Tauren Totem
13:25 Orc Burrow
13:27 Orc Burrow
13:29 Orc Burrow
13:33 Orc Burrow
» items
| Healing Salve | 1 | |
| Lesser Clarity Potion | 1 | |
2 total
Chat log
(00:05 / Allies) pmz_2004: dryads bears
(00:11 / All) NEW_TROLL_HERE: Oh hi
(00:15 / Allies) YOUTUBE-OhMxA99: hello
(00:18 / Allies) YOUTUBE-OhMxA99: whats up??!
(00:26 / Allies) Jade: hi
(00:43 / Allies) YOUTUBE-OhMxA99: jade ur a girl?
(00:51 / Allies) pmz_2004: rush or cc
(00:59 / Allies) YOUTUBE-OhMxA99: i tc
(00:59 / Allies) Jade: yes why
(01:11 / Allies) YOUTUBE-OhMxA99: was wondering ;)
(01:15 / Allies) Jade: o ok
(01:17 / Allies) NEW_TROLL_HERE: lol
(01:45 / Allies) YOUTUBE-OhMxA99: units?
(01:50 / Allies) NEW_TROLL_HERE: esports
(01:51 / Allies) YOUTUBE-OhMxA99: i go wyvern then taurent shaman
(01:54 / Allies) Jade: bm wybarns
(01:56 / Allies) YOUTUBE-OhMxA99: depends on enemy
(02:01 / Allies) pmz_2004: dryads bears
(02:04 / Allies) YOUTUBE-OhMxA99: ok
(02:27 / Allies) Jade: pls dont stream snipe me new troll here
(02:36 / Allies) NEW_TROLL_HERE: lol
(02:38 / Allies) YOUTUBE-OhMxA99: ??
(02:48 / Allies) NEW_TROLL_HERE: APOLOGIES
(02:59 / Allies) NEW_TROLL_HERE: but it's my only ticket to e-fame!
(03:14 / Allies) NEW_TROLL_HERE: also, it's pies.
(03:20 / Allies) Jade: oh lol
(03:22 / Allies) Jade: sup pies
(03:41 / Allies) NEW_TROLL_HERE: TK=BAN
(04:11 / Allies) Jade: TKing doesnt foster a good sense of community
(04:17 / Allies) NEW_TROLL_HERE: righto
(04:34 / Allies) NEW_TROLL_HERE: heard ghetto dropped in on oyu a couple games ago
(04:40 / Allies) NEW_TROLL_HERE: was he on your team/
(04:58 / Allies) Jade: if he did he didnt say
(05:18 / Allies) NEW_TROLL_HERE: ah. well he posted in the thread, just saying "i'll let you figure out who I am"
(05:30 / Allies) Jade: daamn
(06:32 / Allies) Jade: rip
(06:37 / Allies) YOUTUBE-OhMxA99: shit
(06:43 / Allies) YOUTUBE-OhMxA99: lol
(07:42 / Allies) YOUTUBE-OhMxA99: hey jade are you pretty O_o :P
(07:51 / Allies) Jade: 6/10
(07:56 / Allies) YOUTUBE-OhMxA99: oh
(08:22 / Allies) Jade: maybe 7
(08:35 / Allies) YOUTUBE-OhMxA99: oh nice
(08:36 / Allies) pmz_2004: hit
(08:49 / Allies) pmz_2004: hit him actually
(08:51 / Allies) pmz_2004: hes going bats
(09:04 / Allies) NEW_TROLL_HERE: ugh relly
(09:05 / Allies) pmz_2004: googog
(10:11 / Allies) YOUTUBE-OhMxA99: whats the color of your hair?
(10:18 / Allies) YOUTUBE-OhMxA99: lol i sound weird
(10:20 / Allies) YOUTUBE-OhMxA99: nvm
(10:35 / Allies) YOUTUBE-OhMxA99: anyone wanna AT?
(10:37 / Allies) YOUTUBE-OhMxA99: i can host
(11:20 / All) NEW_TROLL_HERE: NICE RALLY RED
(12:41 / Allies) NEW_TROLL_HERE: damn I did not handle that well
(13:23 / All) Gradowski: gg
(13:26 / All) NEW_TROLL_HERE: gg
(13:42 / Allies) YOUTUBE-OhMxA99: hey jade
(13:53 / Allies) YOUTUBE-OhMxA99: can you send me a photo of you someday??
(14:03 / Allies) NEW_TROLL_HERE: Lol
(14:10 / Allies) YOUTUBE-OhMxA99: haha :P
(14:15 / Allies) YOUTUBE-OhMxA99: im rly curious
(19:33 / Allies) YOUTUBE-OhMxA99: im afk a little
(19:39 / Allies) YOUTUBE-OhMxA99: cya guys :)
(21:47 / All) HolyLegion: Last standing
(21:53 / All) NEW_TROLL_HERE: noted
(22:02 / All) HolyLegion: Under you head
(22:04 / All) HolyLegion: \
(22:34 / Allies) NEW_TROLL_HERE: oh he blew up my shredder
(22:35 / Allies) NEW_TROLL_HERE: nvm
(23:18 / All) HolyLegion: Try to find me
(23:33 / All) Jade: found you
(24:43 / Allies) Jade: just gunna suicide a bunch of bats and wyvs
(25:19 / All) HolyLegion: Come on
(25:24 / All) NEW_TROLL_HERE: I'd rather creep.
(25:40 / All) HolyLegion: I bored
(26:02 / All) HolyLegion: blue just passed
(27:11 / All) HolyLegion: rly